Map: Pillars of Gold LE

Players

solitude

  • Race: Zerg Zerg
  • League: Diamond
  • Spawn Location: 7:00

Slaight - Winner!

  • Race: Protoss Protoss
  • League: Platinum
  • Spawn Location: 1:00

VOD

Have the link to the VOD?

Description

Time

  • Played on: Aug. 19, 2020, 4:12 p.m.
  • Length: 7:08
Show
View Real Time Build Order
Export as new Build Order

solitude Zerg 

Build Orders: Hatch First 

Get SALT Encoding   

  12  0:00  Drone  
  13  0:10  Drone  
  14  0:22  Overlord  
  14  0:24  Extractor  
  14  0:25  Drone  
  15  0:43  Drone x2  
  17  0:52  Drone  
  18  0:58  Drone  
  18  1:03  Hatchery  
  18  1:09  Drone  
  19  1:12  Extractor  
  18  1:21  Spawning Pool  
  17  1:28  Drone x2  
  19  1:43  Drone  
  20  1:51  Drone  
  21  2:08  Drone  
  22  2:14  Overlord, Queen  
  24  2:23  Drone x2  
  24  2:25  Metabolic Boost  
  24  2:28  Queen  
  28  2:41  Hatchery  
  28  2:44  Drone  
  28  2:45  Drone  
  28  2:48  Drone  
  30  2:54  Zergling x4  
  30  2:56  Zergling x2  
  33  3:00  Drone  
  34  3:31  Overlord  
  34  3:34  Overlord  
  34  3:39  Lair  
  34  3:40  Evolution Chamber  
  33  3:43  Drone x3  
  36  3:52  Drone x4  
  39  4:02  Spore Crawler  
  38  4:03  Queen  
  38  4:04  Queen  
  38  4:08  Drone  
  38  4:09  Drone x7  
  50  4:21  Zergling x2  
  50  4:22  Zergling x6  
  54  4:57  Zergling x2  
  54  4:58  Spore Crawler, Zergling x8  
  58  5:00  Zerg Melee Weapons Level 1  
  58  5:04  Overlord x3  
  58  5:05  Infestation Pit, Overlord x2  
  55  5:53  Zergling x24  
  55  5:54  Spore Crawler, Zergling x12  
  72  6:05  Drone  
  72  6:06  Drone  
  71  6:12  Zergling x8  
  50  6:28  Spine Crawler  
  50  6:29  Spine Crawler  
  50  6:30  Spine Crawler  
  50  6:32  Spine Crawler  
  37  6:41  Zergling x18  
Show
View Real Time Build Order
Export as new Build Order

Slaight Protoss - Winner!

Build Orders: 1 Gate Expand 

Get SALT Encoding   

  12  0:01  Probe  
  13  0:13  Probe  
  14  0:21  Pylon  
  14  0:26  Assimilator  
  14  0:29  Probe  
  15  0:43  Gateway  
  15  0:46  Probe (Chrono Boost)  
  16  0:56  Probe (Chrono Boost)  
  17  1:01  Probe (Chrono Boost)  
  18  1:12  Probe  
  19  1:27  Nexus  
  19  1:39  Cybernetics Core  
  19  1:43  Probe  
  20  1:47  Assimilator  
  20  1:54  Pylon  
  20  1:56  Probe (Chrono Boost)  
  21  2:08  Probe (Chrono Boost)  
  22  2:13  Adept (Chrono Boost)  
  22  2:16  Probe (Chrono Boost)  
  22  2:18  Warp Gate  
  25  2:26  Probe  
  26  2:38  Probe  
  26  2:40  Probe  
  26  2:42  Stalker (Chrono Boost)  
  28  2:46  Robotics Facility  
  28  2:50  Probe  
  31  2:52  Probe  
  32  3:03  Probe  
  32  3:04  Probe  
  34  3:06  Twilight Council  
  34  3:18  Adept (Chrono Boost)  
  34  3:34  Immortal (Chrono Boost), Pylon, Probe x2  
  40  3:41  Adept  
  42  3:53  Charge  
  42  3:59  Gateway  
  42  4:07  Shield Battery  
  42  4:09  Pylon  
  42  4:11  Immortal  
  46  4:19  Probe x2  
  48  4:28  Pylon  
  46  4:51  Gateway  
  46  4:52  Gateway  
  46  4:53  Warp Prism, Gateway  
  46  4:55  Gateway  
  48  5:06  Stalker  
  50  5:14  Gateway  
  50  5:16  Gateway  
  46  5:41  Pylon  
  46  5:53  Zealot x6  
  58  6:11  Zealot x3  
  58  6:12  Zealot x3  
  70  6:22  Zealot x2  
  68  6:38  Zealot x5  
  78  6:52  Zealot  
Tags
 
Add a new tag
Caveats
  • Supply blocks, unpowered buildings, or Contaminate may cause inaccurate times.
  • Supply counts are checked every 10 seconds.